 Dungeon Crawl Stone Soup version 0.28-a0-1493-g08698888e4 (webtiles) character file.

Game seed: 1807596969863957249

631 funkygono the Firebug (level 7, -2/52 HPs)
             Began as a Human Cinder Acolyte on Jan 12, 2022.
             Was a High Priest of Ignis.
             Slain by an orc warrior (7 damage)
             ... on level 4 of the Dungeon.
             The game lasted 00:06:35 (4552 turns).

funkygono the Firebug (Human Cinder Acolyte)        Turns: 4552, Time: 00:06:36

Health: -2/52      AC:  9    Str: 16    XL:     7   Next: 78%
Magic:  3/13       EV: 10    Int: 14    God:    Ignis [*****.]
Gold:   184        SH:  0    Dex:  9    Spells: 12/14 levels left

rFire   + . .      SeeInvis .   a - +1 falchion (flame)
rCold   + . .      Faith    .   (no shield)
rNeg    . . .      Spirit   .   e - +0 ring mail
rPois   .          Reflect  .   k - +0 helmet
rElec   .          Harm     .   l - +0 cloak
rCorr   .          Rampage  .   d - +1 pair of gloves
Will    .....                   (no boots)
Stlth   ..........              (no amulet)
HPRegen 0.17/turn               c - ring of protection from cold
MPRegen 0.13/turn               (no ring)

@: confused
A: no striking features
a: Renounce Religion, Fiery Armour, Foxfire Swarm, Rising Flame


You were on level 4 of the Dungeon.
You worshipped Ignis.
Ignis was extremely pleased with you.
You visited 1 branch of the dungeon, and saw 4 of its levels.

You collected 184 gold pieces.

Inventory:

Hand Weapons
 a - a +1 falchion of flaming (weapon)
 o - a +3 quarterstaff of chaos
Armour
 b - a +0 robe
 d - a +1 pair of gloves (worn)
 e - a +0 ring mail (worn)
 f - a +0 leather armour
 k - a +0 helmet (worn)
 l - a +0 cloak (worn)
Jewellery
 c - a ring of protection from cold (left hand)
Scrolls
 i - a scroll of amnesia
 m - a scroll of summoning {unknown}
Potions
 g - 2 potions of attraction
 h - a potion of lignification {unknown}
 j - 2 potions of mutation
 n - a potion of magic {unknown}
 p - a potion of brilliance {unknown}


   Skills:
 + Level 3.5 Fighting
 + Level 3.3 Long Blades
 + Level 2.0 Armour
 + Level 0.5 Dodging
 + Level 4.4 Spellcasting
 + Level 5.8 Fire Magic


You had 12 spell levels left.
You knew the following spells:

 Your Spells              Type           Power      Damage    Failure   Level
a - Scorch                Fire           38%        2d7       4%          2

Your spell library contained the following spells:

 Spells                   Type           Power      Damage    Failure   Level


Dungeon Overview and Level Annotations

Branches:
Dungeon (4/15)
 Temple: D:4-7

Altars:
Hepliaklqana


Message History

You hear a shout!
Casting: Scorch (safe; 4% risk of failure)
Confirm with . or Enter, or press ? or * to list all spells.
Flames lash the orc warrior.
The orc warrior is burned terribly!
The orc warrior is heavily wounded.
Casting: Scorch (safe; 4% risk of failure)
Confirm with . or Enter, or press ? or * to list all spells.
Flames lash the orc warrior.
The orc warrior is burned terribly!
The orc warrior is heavily wounded.
The orc warrior hits you with a +0 mace.
Unknown command.
You completely miss the orc warrior.
The orc warrior is heavily wounded.
The orc warrior hits you with a +0 mace.
An orc comes into view. It is wielding a +0 club.
An orc wizard comes into view. It is wielding a +0 dagger.
You barely miss the orc warrior.
The orc warrior is heavily wounded.
The orc warrior hits you with a +0 mace!
You barely miss the orc warrior.
The orc warrior is heavily wounded.
The orc warrior hits you but does no damage.
You hit the orc warrior. You burn the orc warrior.
The orc warrior is severely wounded.
The orc warrior hits you with a +0 mace.
* * * LOW HITPOINT WARNING * * *
The orc warrior hits you with a +0 mace!
* * * LOW HITPOINT WARNING * * *
The orc wizard casts a spell at you.
You are confused.
You miss the orc warrior.
The orc warrior is severely wounded.
The orc warrior barely misses you.
The orc wizard casts a spell.
The orc wizard flickers and vanishes!
Deactivating autopickup; reactivate with Ctrl-A.
You miss the orc warrior.
The orc warrior is severely wounded.
The orc warrior hits you with a +0 mace!
You die...

....#.#....... ..#
.............#####..##
###.........##.#.....##
##...o..#.....(......#
##.......#............###
#................##.....#
..............{...[.....##
...............o......>...
.........#####.o@.........
.........####..###.......
..........#.#...##...##.
..............#......)#
.............##...<#..##
.###.........##...##.....
...##.......[.#.........##
.........# #......###..##
.........###รท......# #


You could see an orc warrior (combustible) and an orc.

Vanquished Creatures
  Grinder (D:4)
  Edmund (D:4)
  A scorpion (D:4)
  A howler monkey (D:4)
  A jelly (D:4)
  Crazy Yiuf (D:3)
  Robin (D:3)
  4 gnolls (D:3)
  3 adders
  A worm (D:2)
  A dart slug (D:1)
  An orc (D:4)
  7 endoplasms
  5 giant cockroaches
  12 goblins
  5 hobgoblins
  5 jackals
  5 kobolds
  3 quokkas
  10 ball pythons
  6 bats
  2 frilled lizards
  13 rats
90 creatures vanquished.

Vanquished Creatures (others)
  A fungus (D:3)
  A plant (D:4)
2 creatures vanquished.

Grand Total: 92 creatures vanquished

Notes
Turn   | Place    | Note
-------+----------+-------------------------------------------
     0 | D:1      | funkygono the Human Cinder Acolyte began the quest for the
                  | Orb.
     0 | D:1      | Reached XP level 1. HP: 18/18 MP: 2/2
   203 | D:1      | Reached XP level 2. HP: 7/24 MP: 3/3
   210 | D:1      | Learned a level 2 spell: Scorch
   799 | D:1      | Reached XP level 3. HP: 27/29 MP: 1/4
   855 | D:1      | Found a hazy altar of Hepliaklqana.
  1837 | D:2      | Found a faded altar of an unknown god.
  2199 | D:2      | Reached XP level 4. HP: 35/35 MP: 3/6
  2817 | D:3      | Reached skill level 4 in Fire Magic
  2826 | D:3      | Reached XP level 5. HP: 33/41 MP: 0/8
  3035 | D:3      | Noticed Robin
  3124 | D:3      | Killed Robin
  3321 | D:3      | Found a runed translucent door.
  3322 | D:3      | Noticed Crazy Yiuf
  3871 | D:3      | Killed Crazy Yiuf
  4023 | D:4      | Reached XP level 6. HP: 41/47 MP: 3/10
  4141 | D:4      | Noticed Edmund
  4157 | D:4      | Killed Edmund
  4158 | D:4      | Reached skill level 1 in Armour
  4158 | D:4      | Reached skill level 5 in Fire Magic
  4303 | D:4      | Noticed Grinder
  4310 | D:4      | Killed Grinder
  4311 | D:4      | Reached XP level 7. HP: 40/52 MP: 3/13
  4552 | D:4      | Slain by an orc warrior

Illustrated notes

Levels and vault maps discovered:
D:1:      dpeg_arrival_lava_altar, layout_basic
D:2:      layout_rooms, hellmonk_ecumenical_altar_run_dry
D:3:      layout_loops_cross, uniq_crazy_yiuf_cottage, uniq_robin
D:4:      layout_cave_pools, gammafunk_temple_overflow_wave,
          lightli_corner_chamber, uniq_edmund, uniq_menkaure, uniq_pikel,
          uniq_grinder

Skill      XL: |  1  2  3  4  5  6  7 |
---------------+----------------------+-----
Spellcasting   | 2 4 |  4.4
Fire Magic     | 4 5 |  5.8
Armour         | 1 2 |  2.0
Fighting       | |  3.5
Long Blades    | |  3.3
Dodging        | |  0.5

Action                   |  1- 3 |  4- 6 |  7- 9 || total
-------------------------+-------+-------+-------++-------
Melee: Falchion          |    38 |    52 |    10 ||   100
 Cast: Scorch            |    31 |    53 |    11 ||    95
Invok: Fiery Armour      |       |     2 |       ||     2
  Use: Scroll            |     4 |     8 |       ||    12
       Potion            |       |     1 |       ||     1
Armor: Robe              |     9 |       |       ||     9
       Ring mail         |     3 |    44 |     6 ||    53
Dodge: Dodged            |    27 |    51 |     4 ||    82

Table legend: (Time is in decaauts)
 A = Elapsed time spent in this place.
 B = Non-inter-level travel time spent in this place.
 C = Inter-level travel time spent in this place.
 D = Time resting spent in this place.
 E = Time spent auto-exploring this place.
 F = Levels seen in this place.
 G = Mean time per level.
                   A        B        C        D        E       F      G
               +--------+--------+--------+--------+--------+-----+--------+
         Total |   4567 |   4485 |     82 |    178 |   3636 |   4 | 1141.8 |
       Dungeon |   4567 |   4485 |     82 |    178 |   3636 |   4 | 1141.8 |
               +--------+--------+--------+--------+--------+-----+--------+

Top non-repeatable levels by time:
     D:1: 1631 daAuts
     D:3: 1391 daAuts
     D:2: 993 daAuts
     D:4: 550 daAuts
